 Dungeon Crawl Stone Soup version 0.23.2-1-ga50397a (webtiles) character file.

Game seed: 253145208239812887

1895 whitewolfNL the Skirmisher (level 8, -1/66 HPs)
             Began as a Minotaur Berserker on May 15, 2019.
             Was an Elder of Trog.
             Slain by an adder (2 damage)
             ... on level 8 of the Dungeon.
             The game lasted 00:18:30 (4461 turns).

whitewolfNL the Skirmisher (Minotaur Berserker)     Turns: 4461, Time: 00:18:31

Health: -1/66      AC: 13    Str: 27    XL:     8   Next: 93%
Magic:  7/7        EV: 12    Int:  4    God:    Trog [****..]
Gold:   313        SH:  4    Dex: 14    Spells: 7/7 levels left

rFire    + . .     SeeInvis .   y - +0 flail (holy)
rCold    . . .     Gourm    .   (no shield)
rNeg     + . .     Faith    .   D - +0 chain mail {rN+}
rPois    .         Spirit   .   (helmet restricted)
rElec    .         Reflect  .   s - +0 cloak
rCorr    .         Harm     .   (no gloves)
MR       .....                  a - +0 pair of boots
Stlth    ..........             (no amulet)
HPRegen  0.21/turn              k - ring of stealth
MPRegen  0.10/turn              j - ring of protection from fire

@: mighty, berserk cooldown, starving, slowed, very slow
A: retaliatory headbutt, horns 2, large bone plates 1, agile 1, frail 1, wild
magic 1
a: Berserk, Trog's Hand, Brothers in Arms, Renounce Religion


You were on level 8 of the Dungeon.
You worshipped Trog.
Trog was greatly pleased with you.
You were starving.

You visited 1 branch of the dungeon, and saw 8 of its levels.

You collected 313 gold pieces.

Inventory:

Hand Weapons
 y - a +0 flail of holy wrath (weapon)
Missiles
 d - 188 stones (quivered)
 n - 23 bolts
 q - 60 sling bullets
 v - 33 poisoned needles
 w - 50 arrows
 G - 3 tomahawks
Armour
 a - a +0 pair of boots (worn)
 s - a +0 cloak (worn)
 D - a +0 chain mail of positive energy (worn)
Jewellery
 j - a ring of protection from fire (right hand)
 k - a ring of stealth (left hand)
 B - an uncursed ring of stealth
Scrolls
 b - a scroll of blinking {unknown}
 e - 3 scrolls of magic mapping
 f - a scroll of immolation {unknown}
 h - 2 scrolls of identify
 p - 2 scrolls of remove curse
 r - 2 scrolls of fear
 t - 4 scrolls of teleportation
 x - 3 scrolls of amnesia {unknown}
 z - 2 scrolls of enchant weapon {unknown}
Potions
 g - 2 potions of curing
 i - 3 potions of heal wounds {unknown}
 l - a potion of brilliance {unknown}
 m - a potion of might
 o - 2 potions of flight {unknown}
 u - 3 potions of degeneration {unknown}
 A - a potion of resistance {unknown}
 F - a potion of invisibility {unknown}
Comestibles
 c - 12 rations


   Skills:
 * Level 7.8 Fighting
 * Level 7.7 Maces & Flails
 - Level 1.0 Throwing
 * Level 7.2 Armour
 * Level 6.5 Dodging
 - Level 1.0 Stealth


You had 7 spell levels left.
You didn't know any spells.
Your spell library was empty.

Dungeon Overview and Level Annotations

Branches:
Dungeon (9/15)
 Temple: D:4-7         Lair: D:8-11         Orc: D:9-12

Altars:
Fedhas
Gozag
Sif Muna

Annotations:
D:9 Erica


Innate Abilities, Weirdness & Mutations

You reflexively headbutt those who attack you in melee.
You have a pair of horns on your head.
You are partially covered in large bone plates. (SH +4)
You are agile. (Dex +2)
You are frail. (-10% HP)
Your spells are a little harder to cast, but a little more powerful.


Message History

The adder hisses angrily.
Reactivating autopickup.
A crimson imp comes into view.
Found 49 stones and a ration.
Found an escape hatch in the floor.
Found a stone staircase leading down.
There is a stone staircase leading down here.
You closely miss the wyvern. The wyvern misses you. The wyvern bites you!
* * * LOW HITPOINT WARNING * * *
You feel very mighty all of a sudden.
The wyvern bites you but does no damage.
The wyvern barely misses you.
You sock the wyvern!
The wyvern is heavily wounded.
The wyvern bites you!
* * * LOW HITPOINT WARNING * * *
The wyvern bites you but does no damage.
You feel better. The wyvern bites you!
* * * LOW HITPOINT WARNING * * *
The adder bites you.
You die...

.......... .
..........
.####.........
...#.........
#...........
##.....>....
.###..l....(...
......5@S.....^
##.............
#.>...........
...............
...............
...............
..%...........#
..............#


You could see a wyvern, a crimson imp and an adder.

Vanquished Creatures
  A two-headed ogre (D:9)
  Sigmund (D:5)
  An ice beast (D:5)
  2 ogres
  2 centaurs
  Blork the orc (D:5)
  A howler monkey (D:5)
  2 crimson imps
  2 bullfrog zombies (D:5)
  2 hounds
  An orc priest (D:5)
  An iguana (D:4)
  An orc wizard (D:5)
  2 worker ants
  A hound zombie (D:6)
  A hound skeleton (D:4)
  4 adders
  3 gnolls (D:4)
  5 oozes
  2 adder skeletons
  An adder zombie (D:5)
  6 worms (D:2)
  2 dart slugs
  5 leopard geckos
  16 orcs
  A ball python (D:4)
  7 bats
  2 giant cockroaches
  5 goblins
  6 hobgoblins
  8 jackals
  2 quokkas (D:5)
  A ball python zombie (D:5)
  8 frilled lizards
  A jackal skeleton (D:5)
  11 kobolds
  A leopard gecko skeleton (D:4)
  10 rats
  A bush (D:4)
130 creatures vanquished.

Notes
Turn   | Place    | Note
-------+----------+-------------------------------------------
     0 | D:1      | whitewolfNL the Minotaur Berserker began the quest for the
                  | Orb.
     0 | D:1      | Reached XP level 1. HP: 19/19 MP: 0/0
   253 | D:1      | Reached XP level 2. HP: 16/27 MP: 1/1
  1172 | D:2      | Reached XP level 3. HP: 33/33 MP: 2/2
  1454 | D:2      | Reached skill level 1 in Throwing
  1483 | D:2      | Reached ** piety under Trog
  1569 | D:2      | Reached skill level 1 in Stealth
  1572 | D:2      | Reached XP level 4. HP: 39/40 MP: 3/3
  2326 | D:3      | Found an opulent altar of Gozag.
  2327 | D:3      | Found a deep blue altar of Sif Muna.
  2607 | D:4      | Reached XP level 5. HP: 47/47 MP: 4/4
  2626 | D:4      | Reached *** piety under Trog
  2783 | D:4      | Noticed an ogre
  2789 | D:4      | Killed an ogre
  2789 | D:4      | Reached skill level 5 in Fighting
  2789 | D:4      | Reached skill level 5 in Maces & Flails
  2789 | D:4      | Reached XP level 6. HP: 28/56 MP: 5/5
  3022 | D:4      | Found a blossoming altar of Fedhas.
  3136 | D:4      | Got a spiked leather armour
  3150 | D:4      | Identified the +2 leather armour "Baciveim" {*Drain Int+2
                  | Stlth+} (You found it on level 4 of the Dungeon)
  3161 | D:4      | Gained mutation: You are weak. (Str -2) [potion of
                  | mutation]
  3161 | D:4      | Gained mutation: Your spells are a little harder to cast,
                  | but a little more powerful. [potion of mutation]
  3161 | D:4      | Lost mutation: You are weak. (Str -2) [potion of mutation]
  3161 | D:4      | Gained mutation: You have a pair of large horns on your
                  | head. [potion of mutation]
  3162 | D:4      | Lost mutation: You have a pair of large horns on your head.
                  | [potion of mutation]
  3162 | D:4      | Gained mutation: You are frail. (-10% HP) [potion of
                  | mutation]
  3162 | D:4      | Gained mutation: You are partially covered in large bone
                  | plates. (SH +4) [potion of mutation]
  3162 | D:4      | Gained mutation: You are agile. (Dex +2) [potion of
                  | mutation]
  3438 | D:5      | Entered Level 5 of the Dungeon
  3461 | D:5      | Noticed an ice beast
  3467 | D:5      | Killed an ice beast
  3467 | D:5      | Reached XP level 7. HP: 55/55 MP: 6/6
  3576 | D:5      | Reached skill level 5 in Armour
  3759 | D:5      | Reached **** piety under Trog
  3759 | D:5      | Reached skill level 5 in Dodging
  3788 | D:5      | Noticed Sigmund
  3806 | D:5      | Killed Sigmund
  3806 | D:5      | Reached XP level 8. HP: 39/63 MP: 7/7
  3918 | D:5      | Noticed Blork the orc
  3931 | D:5      | Killed Blork the orc
  4432 | D:6      | You fall through a shaft for 3 floors!
  4437 | D:9      | Noticed Erica
  4438 | D:9      | Noticed a two-headed ogre
  4450 | D:9      | Killed a two-headed ogre
  4461 | D:8      | HP: 1/66 [wyvern (11)]
  4461 | D:8      | Slain by an adder

Skill      XL: |  1  2  3  4  5  6  7  8 |
---------------+-------------------------+-----
Fighting       | 4 5 6 7 |  7.8
Maces & Flails | 4 5 6 7 |  7.7
Throwing       | 1 |  1.0
Armour         | 3 4 5 7 |  7.2
Stealth        | 1 |  1.0
Dodging        | 3 4 5 6 |  6.5

Action                   |  1- 3 |  4- 6 |  7- 9 || total
-------------------------+-------+-------+-------++-------
Melee: Mace              |    68 |    38 |       ||   106
       Headbutt          |    12 |    32 |    21 ||    65
       Flail             |       |    98 |   102 ||   200
Invok: Berserk           |     3 |     3 |     4 ||    10
  Use: Scroll            |       |     7 |     1 ||     8
       Potion            |       |     2 |     2 ||     4
 Stab: Sleeping          |       |     2 |       ||     2
  Eat: Chunk             |     5 |     8 |     3 ||    16
       Ration            |       |       |     1 ||     1
Armor: Animal skin       |     5 |       |       ||     5
       Ring mail         |    15 |    15 |    23 ||    53
       Chain mail        |       |    29 |    18 ||    47
Dodge: Dodged            |    43 |    66 |    67 ||   176
Block: Other             |       |       |    16 ||    16
